 Dungeon Crawl Stone Soup version 0.26-a0-455-g0958c02 (webtiles) character file.

Game seed: 15826209111662591072

773 xordid the Geomancer (level 7, -8/36 HPs)
             Began as a Gargoyle Earth Elementalist on July 29, 2020.
             Killed by divine providence
             ... invoked by an orc priest
              (12 damage)
             ... on level 4 of the Dungeon.
             The game lasted 00:18:55 (5185 turns).

xordid the Geomancer (Gargoyle Earth Elementalist)  Turns: 5185, Time: 00:18:56

Health: -8/36      AC:  8    Str: 11    XL:     7   Next: 83%
Magic:  2/10       EV: 12    Int: 18    God:
Gold:   105        SH:  0    Dex: 10    Spells: 4/10 levels left

rFire    . . .     SeeInvis .   y - +2 dagger (protect)
rCold    . . .     Faith    .   (no shield)
rNeg     + . .     Spirit   .   c - +0 robe
rPois    ∞         Reflect  .   (no helmet)
rElec    +         Harm     .   q - +0 cloak
rCorr    .                      (no gloves)
MR       .....                  n - +0 pair of boots
Stlth    ++........             (no amulet)
HPRegen  0.12/turn              f - ring of poison resistance {rPois, !d}
MPRegen  0.12/turn              (no ring)

@: about to teleport
A: negative energy resistance 1, electricity resistance, unbreathing,
petrification resistance, rot immunity, AC +4
a: no special abilities


You were on level 4 of the Dungeon.
You visited 1 branch of the dungeon, and saw 5 of its levels.
You also visited: Ossuary.

You collected 105 gold pieces.

Inventory:

Hand Weapons
 i - a +0 dagger
   (You took it off a goblin on level 1 of the Dungeon)
 y - a +2 dagger of protection (weapon)
   (You took it off a centaur on level 4 of the Dungeon)
Missiles
 m - 8 atropa-tipped darts
 u - 21 stones (quivered)
Armour
 c - a +0 robe (worn)
 n - a +0 pair of boots (worn)
   (You found it on level 3 of the Dungeon)
 q - a +0 cloak (worn)
   (You found it on level 3 of the Dungeon)
Jewellery
 f - a ring of poison resistance (left hand) {rPois, !d}
   (You found it on level 1 of the Dungeon)
Scrolls
 e - 3 scrolls of remove curse
 j - a scroll of teleportation
 r - a scroll of fear {unknown}
 t - a scroll of enchant armour {unknown}
 v - a scroll of fog {unknown}
 w - a scroll of immolation {unknown}
 x - a scroll of noise {!r}
Potions
 a - 3 potions of lignification {!q}
 b - a potion of haste {unknown}
 d - a potion of cancellation {unknown}
 g - a potion of ambrosia {unknown}
 h - 2 potions of degeneration {unknown}
 k - 2 potions of stabbing
 l - a potion of curing
 o - a potion of flight {unknown}
 p - 2 potions of heal wounds {unknown}
 s - 2 potions of resistance {unknown}


   Skills:
 - Level 1.8 Dodging
 - Level 2.5 Stealth
 - Level 2.2 Spellcasting
 + Level 5.6 Conjurations
 - Level 0.7 Transmutations
 + Level 8.3 Earth Magic


You had 4 spell levels left.
You knew the following spells:

 Your Spells              Type           Power        Failure   Level
a - Sandblast             Erth           ####..       1%          1
w - Passwall              Tmut/Erth      ###.....     4%          2
x - Stone Arrow           Conj/Erth      ####..       3%          3

Your spell library contained the following spells:

 Spells                   Type           Power        Failure   Level
 Petrify                  Tmut/Erth      ###.....     26%         4
 Lee's Rapid Deconstruct  Erth           ####......   16%         5


Dungeon Overview and Level Annotations

Branches:
Dungeon (5/15)            Ossuary (visited)
 Temple: D:4-7

Altars:

Annotations:
D:2 Sigmund, Terence
D:3 3 runed translucent doors, Apothem's ghost, amateur GnFi; nicknak712's ghost, amateur HOFi


Innate Abilities, Weirdness & Mutations

You are resistant to torment.
Your stone body is resilient. (AC +4)
You are immune to poison.
You resist negative energy. (rN+)
You are resistant to electric shocks. (rElec)
You can survive without breathing.
You are immune to petrification.
You are immune to rotting.


Message History

The centaur hits you but does no damage.
You hit the centaur. The centaur misses you.
The centaur hits you but does no damage.
You barely miss the centaur.
The centaur hits you with a +2 dagger of protection.
You take 2 damage, and have 20/36 hp.
You completely miss the centaur.
The centaur hits you but does no damage.
The centaur hits you with a +2 dagger of protection.
You take 2 damage, and have 18/36 hp.
It was a potion of lignification.
You turn into a tree.
Your +0 cloak melds into your body.
Your +0 pair of boots melds into your body.
Your +0 robe melds into your body.
Your roots penetrate the ground.
The centaur hits you but does no damage.
You now have 28/54 hp.
You barely miss the centaur.
The centaur hits you but does no damage. x2
You hit the centaur but do no damage.
The centaur hits you but does no damage.
You barely miss the centaur.
The centaur hits you with a +2 dagger of protection.
The centaur hits you but does no damage.
You take 1 damage, and have 27/54 hp.
You hit the centaur but do no damage.
The centaur hits you but does no damage.
You hit the centaur but do no damage.
The centaur hits you but does no damage. x2
You barely miss the centaur.
The centaur hits you but does no damage.
You closely miss the centaur.
The centaur hits you but does no damage. x2
You hit the centaur.
Your transformation is almost over.
The centaur completely misses you.
You hit the centaur but do no damage.
The centaur hits you with a +2 dagger of protection.
The centaur hits you but does no damage.
You take 2 damage, and have 26/54 hp.
You barely miss the centaur.
The centaur hits you but does no damage.
You hit the centaur but do no damage.
The centaur hits you but does no damage. x2
You barely miss the centaur.
The centaur hits you but does no damage.
You hit the centaur but do no damage.
The centaur hits you but does no damage. x2
You hit the centaur but do no damage.
The centaur hits you but does no damage.
You hit the centaur but do no damage.
The centaur hits you but does no damage. x2
You hit the centaur but do no damage. The centaur completely misses you.
You barely miss the centaur.
The centaur hits you but does no damage. x2
You hit the centaur but do no damage.
You feel less wooden.
Your +0 cloak unmelds from your body.
Your +0 pair of boots unmelds from your body.
Your +0 robe unmelds from your body.
The centaur hits you with a +2 dagger of protection.
You now have 15/36 hp.
Aim: a centaur, wielding a +2 dagger of protection and quivering 44 arrows (heavily wounded)
The stone arrow hits the centaur!
The centaur hits you but does no damage. x2
You now have 1/10 mp.
You hit the centaur but do no damage. The centaur barely misses you.
You hit the centaur.
You kill the centaur!
You now have 105 gold pieces (gained 16).
Items here: ( )) †.
y - a +2 dagger of protection Your +2 dagger of protection hums with potential!
y - a +2 dagger of protection (weapon)
There is a stone staircase leading down here.
You start resting.
You feel less ready to backstab.
You regained 2 hp, and now have 18/36 hp.
You start resting.
An orc priest is nearby!
You climb downwards.
The orc barely misses you.
There is a stone staircase leading up here.
The orc barely misses you.
You climb upwards.
There is a stone staircase leading down here.
As you read the scroll of teleportation, it crumbles to dust.
You feel strangely unstable. The orc closely misses you.
Aim: an orc, wielding a +0 morningstar and wearing a +0 robe The stone arrow misses the orc.
The orc priest shouts!
You now have 2/10 mp.
You barely miss the orc. The orc barely misses you.
The orc priest calls down the wrath of Beogh upon something.
Beogh smites you!
* * * LOW HITPOINT WARNING * * *
You take 16 damage, and have 3/36 hp.
MASSIVE DAMAGE!!
The orc priest calls down the wrath of Beogh upon something.
Beogh smites you!
You die...

.8............#..##.##
.............#.......#
.8.......##...#......#
........o##..........#
.8.......8.8.8......##
.................###
..........8.⌠......# ..
..............## ### ..
.......8...8.@.# ##.# #
#..........##>o## #..###
##............#.### ##....#
.#..#........####<# ##.....#
....##............###.....##
..........................#
....##......#..#.#.......##
..####......##...#.......#
'............##.....#....#


You could see an orc priest and an orc.

Vanquished Creatures
  An ogre (D:5)
  A centaur (D:4)
  5 water moccasin zombies (Ossuary)
  A hound (D:5)
  2 orc wizards
  An iguana (D:5)
  A worker ant (D:5)
  A big kobold zombie (Ossuary)
  2 mummies (Ossuary)
  A gnoll (D:2)
  5 adders
  5 adder zombies (Ossuary)
  2 worms
  2 dart slugs (D:3)
  4 leopard geckos
  8 orcs
  A ball python (D:3)
  6 giant cockroaches
  A gnoll zombie (Ossuary)
  9 goblins
  3 hobgoblins
  3 quokkas
  4 bats
  3 frilled lizards
  7 hobgoblin zombies (Ossuary)
  5 kobolds
  6 kobold zombies (Ossuary)
  3 orc zombies (Ossuary)
  4 rats
97 creatures vanquished.

Notes
Turn   | Place    | Note
-------+----------+-------------------------------------------
     0 | D:1      | xordid the Gargoyle Earth Elementalist began the quest for
                  | the Orb.
     0 | D:1      | Reached XP level 1. HP: 10/10 MP: 3/3
   208 | D:1      | Reached XP level 2. HP: 15/15 MP: 3/5
   650 | D:1      | Reached skill level 4 in Earth Magic
  1101 | D:2      | Noticed Terence
  1127 | D:2      | Reached XP level 3. HP: 19/19 MP: 2/6
  1332 | D:2      | Reached skill level 5 in Earth Magic
  1630 | D:2      | Learned a level 3 spell: Stone Arrow
  1633 | D:2      | Learned a level 2 spell: Passwall
  1671 | D:2      | Noticed Sigmund
  1850 | D:2      | Reached XP level 4. HP: 20/24 MP: 5/7
  2106 | D:3      | Found a runed translucent gate.
  2107 | D:3      | Found a runed translucent gate.
  2147 | D:3      | Found a runed translucent gate.
  2148 | D:3      | Noticed nicknak712's ghost (amateur HOFi)
  2148 | D:3      | Noticed Apothem's ghost (amateur GnFi)
  2259 | D:3      | Reached skill level 1 in Conjurations
  2883 | D:4      | Reached XP level 5. HP: 28/28 MP: 5/8
  2889 | D:4      | Reached skill level 2 in Conjurations
  2889 | D:4      | Reached skill level 6 in Earth Magic
  2927 | D:4      | Found a sand-covered staircase.
  2939 | Ossuary  | Entered an ossuary
  3045 | Ossuary  | HP: 6/28 [big kobold zombie (3)]
  3327 | Ossuary  | Reached skill level 3 in Conjurations
  3327 | Ossuary  | Reached XP level 6. HP: 32/32 MP: 7/9
  3573 | Ossuary  | Reached skill level 7 in Earth Magic
  3595 | Ossuary  | Reached skill level 4 in Conjurations
  3919 | Ossuary  | Reached XP level 7. HP: 26/36 MP: 2/10
  4543 | D:5      | Entered Level 5 of the Dungeon
  5015 | D:5      | Reached skill level 5 in Conjurations
  5069 | D:5      | Reached skill level 8 in Earth Magic
  5184 | D:4      | HP: 3/36 [orc priest/divine providence (16)]
  5185 | D:4      | Killed from afar by an orc priest

Illustrated notes

Levels and vault maps discovered:
D:1:      lightli_arrival_statue_moat, layout_loops_corners,
          serial_bayou_crossing
D:2:      layout_basic, uniq_sigmund, uniq_terence
D:3:      layout_rooms, gammafunk_ghost_cemetery, serial_glass, glass_columns_a,
          glass_columns_a, glass_columns_b, glass_columns_c, glass_columns_a,
          glass_columns_c, kennysheep_generic_room_3
D:4:      layout_cave_pools, serial_column_ruins, column_ruins_square_small,
          column_ruins_columns_straight, column_ruins_columns_straight,
          column_ruins_grid_4, column_ruins_open_tiny, column_ruins_grid_1,
          nicolae_ossuary_entry_false_entrances
D:5:      layout_gridville, grunt_temple_overflow_bloody_war, serial_rivers,
          chequers_serial_rivers_micro_e, chequers_serial_rivers_small_3,
          chequers_serial_rivers_small_a, chequers_serial_rivers_micro_a,
          chequers_serial_rivers_room_b, grunt_dithmenos_shadows

Skill      XL: |  1  2  3  4  5  6  7 |
---------------+----------------------+-----
Earth Magic    | 4 5 6 7 8 |  8.3
Conjurations   | 1 3 4 5 |  5.6
Dodging        | |  1.8
Stealth        | |  2.5
Spellcasting   | |  2.2
Transmutations | |  0.7

Action                   |  1- 3 |  4- 6 |  7- 9 || total
-------------------------+-------+-------+-------++-------
Melee: Dagger            |    27 |   257 |    49 ||   333
 Cast: Sandblast         |    36 |    42 |     3 ||    81
       Stone Arrow       |     1 |     9 |    25 ||    35
  Use: Scroll            |       |     6 |     2 ||     8
       Potion            |       |     1 |     3 ||     4
 Stab: Sleeping          |       |     1 |     3 ||     4
Armor: Robe              |    14 |   107 |    20 ||   141
       Skin              |       |       |    19 ||    19
Dodge: Dodged            |    31 |   139 |    32 ||   202

Table legend: (Time is in decaauts)
 A = Elapsed time spent in this place.
 B = Non-inter-level travel time spent in this place.
 C = Inter-level travel time spent in this place.
 D = Time resting spent in this place.
 E = Time spent auto-exploring this place.
 F = Levels seen in this place.
 G = Mean time per level.
                   A        B        C        D        E       F      G
               +--------+--------+--------+--------+--------+-----+--------+
         Total |   5199 |   4982 |    217 |   1703 |   1955 |   6 |  866.5 |
       Dungeon |   3897 |   3680 |    217 |    928 |   1853 |   5 |  779.4 |
       Ossuary |   1301 |   1301 |      0 |    775 |    102 |   1 | 1301.0 |
               +--------+--------+--------+--------+--------+-----+--------+

Top non-repeatable levels by time:
 Ossuary: 1301 daAuts
     D:1: 1198 daAuts
     D:3: 1068 daAuts
     D:2: 794 daAuts
     D:4: 632 daAuts
     D:5: 203 daAuts

Levels and vault maps discovered:
D:1:      lightli_arrival_statue_moat, layout_loops_corners,
          serial_bayou_crossing
D:2:      layout_basic, uniq_sigmund, uniq_terence
D:3:      layout_rooms, gammafunk_ghost_cemetery, serial_glass, glass_columns_a,
          glass_columns_a, glass_columns_b, glass_columns_c, glass_columns_a,
          glass_columns_c, kennysheep_generic_room_3
D:4:      layout_cave_pools, serial_column_ruins, column_ruins_square_small,
          column_ruins_columns_straight, column_ruins_columns_straight,
          column_ruins_grid_4, column_ruins_open_tiny, column_ruins_grid_1,
          nicolae_ossuary_entry_false_entrances
D:5:      layout_gridville, grunt_temple_overflow_bloody_war, serial_rivers,
          chequers_serial_rivers_micro_e, chequers_serial_rivers_small_3,
          chequers_serial_rivers_small_a, chequers_serial_rivers_micro_a,
          chequers_serial_rivers_room_b, grunt_dithmenos_shadows

Table legend: (Time is in decaauts)
 A = Elapsed time spent in this place.
 B = Non-inter-level travel time spent in this place.
 C = Inter-level travel time spent in this place.
 D = Time resting spent in this place.
 E = Time spent auto-exploring this place.
 F = Levels seen in this place.
 G = Mean time per level.
                   A        B        C        D        E       F      G
               +--------+--------+--------+--------+--------+-----+--------+
         Total |   5199 |   4982 |    217 |   1703 |   1955 |   6 |  866.5 |
       Dungeon |   3897 |   3680 |    217 |    928 |   1853 |   5 |  779.4 |
       Ossuary |   1301 |   1301 |      0 |    775 |    102 |   1 | 1301.0 |
               +--------+--------+--------+--------+--------+-----+--------+

Top non-repeatable levels by time:
 Ossuary: 1301 daAuts
     D:1: 1198 daAuts
     D:3: 1068 daAuts
     D:2: 794 daAuts
     D:4: 632 daAuts
     D:5: 203 daAuts

Table legend:
 A = Kills in this place as a percentage of kills in entire the game.
 B = Kills by you in this place as a percentage of kills by you in the entire game.
 C = Kills by friends in this place as a percentage of kills by friends in the entire game.
 D = Other kills in this place as a percentage of other kills in the entire game.
 E = Experience gained in this place as a percentage of experience gained in the entire game.
 F = Experience gained in this place divided by the number of levels of this place that you have seen.
                   A       B       C       D       E      F
               +-------+-------+-------+-------+-------+----------------------
         Total | 100.0 | 100.0 |   N/A |   N/A | 100.0 | 184.2
       Dungeon |  69.8 |  69.8 |   N/A |   N/A |  56.9 | 125.8
       Ossuary |  30.2 |  30.2 |   N/A |   N/A |  43.1 | 476.0
               +-------+-------+-------+-------+-------+----------------------
